 Dungeon Crawl Stone Soup version 0.20.1-1-g8b1a95d (webtiles) character file.

8136 iopi the Basher (level 11, -3/69 HPs)
             Began as a Gargoyle Berserker on Oct 19, 2017.
             Was an Elder of Trog.
             Slain by a death yak (19 damage)
             ... on level 10 of the Dungeon.
             The game lasted 01:47:21 (12064 turns).

iopi the Basher (Gargoyle Berserker)               Turns: 12064, Time: 01:47:22

Health: -3/69      AC: 21    Str: 22    XL:     11   Next: 26%
Magic:  0/11       EV: 12    Int:  9    God:    Trog [****..]
Gold:   536        SH:  0    Dex: 10    Spells: 10/10 levels left

rFire    . . .     SeeInvis .   M - +4 flail
rCold    . . .     Gourm    .   (no shield)
rNeg     + + .     Faith    .   d - +3 scale mail
rPois    ∞         Spirit   +   F - +0 helmet
rElec    +         Reflect  .   k - scarf {Spirit}
rCorr    .         Harm     +   (no gloves)
MR       .....                  O - +0 pair of boots
Stlth    ..........             l - amulet of harm
Regen    0.3/turn               e - ring of positive energy
MPRegen  0.2/turn               I - +5 ring of slaying

@: about to teleport
A: negative energy resistance 1, electricity resistance, unbreathing,
petrification resistance, rot immunity, AC +7
a: Berserk, Trog's Hand, Brothers in Arms, Burn Spellbooks, Renounce Religion


You were on level 10 of the Dungeon.
You worshipped Trog.
Trog was greatly pleased with you.
You were not hungry.

You visited 2 branches of the dungeon, and saw 11 of its levels.
You also visited: Sewer.

You collected 536 gold pieces.

Inventory:

Hand Weapons
 w - a +0 war axe
 D - a +0 shortbow
 J - a +1 mace of protection
 M - a +4 flail (weapon)
Missiles
 E - 127 arrows
Armour
 b - a +0 animal skin
 d - a +3 scale mail (worn)
 k - a scarf of spirit shield (worn)
 p - a +0 chain mail
 F - a +0 helmet (worn)
 O - a +0 pair of boots (worn)
Jewellery
 e - a ring of positive energy (left hand)
 l - an amulet of harm (around neck)
 I - a +5 ring of slaying (right hand)
Wands
 r - a wand of enslavement (12/24)
 y - a wand of acid (1/15)
 G - a wand of flame (22/48)
 K - a wand of paralysis (9/24)
Scrolls
 g - 3 scrolls of immolation
 m - a scroll of random uselessness {unknown}
 o - a scroll of fog {unknown}
 q - 6 scrolls of recharging
 t - a scroll of blinking {unknown}
 C - 2 scrolls of fear {unknown}
 H - 5 scrolls of remove curse
 N - a scroll of vulnerability {unknown}
Potions
 a - 3 potions of agility {unknown}
 f - 3 potions of cancellation {unknown}
 h - 5 potions of flight {unknown}
 i - 2 potions of brilliance {unknown}
 j - 2 potions of mutation {unknown}
 n - 3 potions of degeneration {unknown}
 s - 2 potions of might {unknown}
 u - 6 potions of curing {unknown}
 z - 2 potions of heal wounds
 A - 2 potions of berserk rage {unknown}
 L - a potion of lignification {unknown}
Books
 x - a book of Callings

   Spells                             Type                      Level
   a - Summon Small Mammal            Summoning                    1
   b - Call Imp                       Summoning                    2
   c - Call Canine Familiar           Summoning                    3
   d - Summon Guardian Golem          Hexes/Summoning              3
   e - Summon Lightning Spire         Summoning/Air                4
   f - Summon Ice Beast               Ice/Summoning                4
   Trog disapproves of the use of such an item.
Comestibles
 c - 4 bread rations
 v - 3 royal jellies


   Skills:
 + Level 8.3 Fighting
 + Level 6.7(9.2) Axes
 + Level 10.5(11.4) Maces & Flails
 + Level 8.6 Armour
 + Level 4.5 Dodging
 + Level 2.4 Stealth


You had 10 spell levels left.
You didn't know any spells.

Dungeon Overview and Level Annotations

Branches:
Dungeon (10/15)            Temple (1/1) D:5
   Lair: D:8-11         Orc: D:9-12

Altars:
Ashenzari
Cheibriados
Dithmenos
Elyvilon
Fedhas
Gozag
Hepliaklqana
Kikubaaqudgha
Makhleb
Nemelex Xobeh
Okawaru
Qazlal
Ru
Sif Muna
Trog
Uskayaw
Vehumet
Xom
Yredelemnul
Zin
The Shining One


Innate Abilities, Weirdness & Mutations

You are resistant to torment.
Your stone body is resilient. (AC +7)
You are immune to poison.
You resist negative energy. (rN+)
You are resistant to electric shocks. (rElec)
You can survive without breathing.
You are immune to petrification.
You are immune to rotting.


Message History

You hit the death yak.
The death yak is moderately wounded.
You bludgeon the death yak!!
The death yak is heavily wounded.
You hear a croak.
The death yak gores you.
A bullfrog comes into view.
You sock the death yak!
The death yak is severely wounded.
The death yak closely misses you. The death yak gores you!
* * * LOW HITPOINT WARNING * * *
You sock the death yak!
The death yak is almost dead.
The death yak gores you.
* * * LOW HITPOINT WARNING * * *
A phantom comes into view.
As you read the scroll of teleportation, it crumbles to dust.
You feel strangely unstable. The death yak barely misses you.
The phantom blinks!
The death yak gores you!!
You die...

#.# #Z####
#Y# #.#
###Z# #Y#
#Y..# #Y#
#.### ##Y##
#Z#
##...#####
#.#
#.........
#.####
#....#....
#YZY@#
#.#.##.###
####Y#
#.#.##.#
#F#
#.#.##.#
#.#
#.#.##>###
...
#.#..)....
...
#.....Z...
....
..........
.§...
####.##.##.
.##..Y.


You could see 2 death yaks, an ice beast, a bullfrog and a wyvern skeleton.

Vanquished Creatures
  2 two-headed ogres
  A death yak (D:10)
  A kobold demonologist (D:9)
  2 hippogriffs
  Sigmund (D:2)
  5 yaks (D:9)
  Eustachio (D:5)
  2 orc warriors
  Purgy (Sewer)
  2 ice beasts
  6 ogres
  A black bear (D:7)
  A phantom (D:6)
  8 centaurs
  A crocodile (D:8)
  Blork the orc (D:4)
  3 bullfrogs
  A wyvern zombie (D:7)
  5 scorpions
  5 killer bees (D:9)
  11 wights
  A water moccasin skeleton (D:4)
  5 howler monkeys
  A bullfrog zombie (D:5)
  6 crimson imps
  A jelly (D:8)
  2 orc priests
  4 hounds
  4 orc wizards
  A gnoll shaman (D:6)
  Jessica (D:3)
  2 iguanas
  Terence (D:3)
  Natasha (D:3)
  8 worker ants
  A hound zombie (D:9)
  A hound skeleton (D:4)
  2 worker ant zombies
  5 gnolls (D:6)
  A howler monkey skeleton (D:7)
  13 adders
  3 shadow imps
  2 oozes
  An adder skeleton (D:6)
  2 worms (D:2)
  4 dart slugs
  6 leopard geckos
  22 orcs
  6 ball pythons
  11 bats
  7 giant cockroaches
  9 goblins
  10 hobgoblins
  5 jackals
  6 kobolds
  4 quokkas
  9 frilled lizards
  A quokka skeleton (D:5)
  11 rats
  10 plants (Temple)
251 creatures vanquished.

Notes
Turn   | Place    | Note
-------+----------+-------------------------------------------
     0 | D:1      | iopi the Gargoyle Berserker began the quest for the Orb.
     0 | D:1      | Reached XP level 1. HP: 14/14 MP: 1/1
   267 | D:1      | Reached XP level 2. HP: 19/19 MP: 2/2
   649 | D:1      | Reached XP level 3. HP: 24/24 MP: 3/3
   742 | D:1      | Reached ** piety under Trog
  1413 | D:2      | Noticed Sigmund
  1427 | D:2      | Killed Sigmund
  1427 | D:2      | Reached skill level 4 in Maces & Flails
  1427 | D:2      | Reached XP level 4. HP: 3/29 MP: 4/4
  1427 | D:2      | Reached XP level 5. HP: 4/33 MP: 5/5
  1955 | D:2      | Reached XP level 6. HP: 35/39 MP: 6/6
  2161 | D:2      | Reached skill level 5 in Maces & Flails
  2555 | D:3      | Reached *** piety under Trog
  2742 | D:3      | Found a shadowy altar of Dithmenos.
  2887 | D:3      | Found an opulent altar of Gozag.
  2937 | D:3      | Found a bloodstained altar of Trog.
  3018 | D:3      | Noticed Jessica
  3057 | D:3      | Noticed Terence
  3062 | D:3      | Killed Terence
  3083 | D:3      | Killed Jessica
  3423 | D:3      | Noticed Natasha
  3431 | D:3      | Killed Natasha
  3970 | D:4      | Found a glowing drain.
  3990 | Sewer    | Entered a sewer
  4066 | Sewer    | Noticed Purgy
  4080 | Sewer    | Killed Purgy
  4080 | Sewer    | Reached XP level 7. HP: 44/44 MP: 5/7
  4241 | D:4      | Noticed Blork the orc
  4249 | D:4      | Reached skill level 5 in Fighting
  4268 | D:4      | Killed Blork the orc
  4383 | D:4      | Reached skill level 1 in Axes
  4526 | D:4      | Found a basalt altar of Yredelemnul.
  4993 | D:4      | Found a glowing silver altar of Zin.
  5001 | D:4      | Reached XP level 8. HP: 50/50 MP: 8/8
  5348 | D:5      | Entered Level 5 of the Dungeon
  5377 | D:5      | Found a staircase to the Ecumenical Temple.
  5388 | Temple   | Entered the Ecumenical Temple
  5880 | D:5      | Reached skill level 5 in Armour
  6357 | D:5      | Noticed Eustachio
  6378 | D:5      | Reached skill level 1 in Stealth
  6415 | D:5      | Killed Eustachio
  6682 | D:5      | Found a hide-covered altar of Uskayaw.
  7221 | D:6      | Reached skill level 5 in Axes
  7221 | D:6      | Reached XP level 9. HP: 55/55 MP: 9/9
  7535 | D:6      | Reached **** piety under Trog
  8516 | D:7      | Reached skill level 6 in Maces & Flails
  9156 | D:8      | Found a deep blue altar of Sif Muna.
  9158 | D:8      | Found an ancient bone altar of Kikubaaqudgha.
  9175 | D:8      | Found a glowing golden altar of the Shining One.
  9234 | D:8      | Reached skill level 7 in Maces & Flails
  9318 | D:8      | Noticed a two-headed ogre
  9329 | D:8      | Killed a two-headed ogre
  9329 | D:8      | Reached skill level 8 in Maces & Flails
  9329 | D:8      | Reached XP level 10. HP: 36/63 MP: 6/10
  9624 | D:8      | Found a flagged portal.
 10778 | D:9      | Noticed a two-headed ogre
 10791 | D:9      | Killed a two-headed ogre
 10791 | D:9      | Reached skill level 9 in Maces & Flails
 10887 | D:9      | Found a sparkling altar of Nemelex Xobeh.
 11119 | D:9      | Found a burning altar of Makhleb.
 11124 | D:9      | Noticed a kobold demonologist
 11127 | D:9      | Noticed a sun demon
 11132 | D:9      | Killed a kobold demonologist
 11132 | D:9      | Reached XP level 11. HP: 50/68 MP: 7/11
 11387 | D:9      | Reached skill level 10 in Maces & Flails
 11947 | D:10     | Entered Level 10 of the Dungeon
 11953 | D:10     | Noticed a death yak
 11955 | D:10     | Noticed a death yak
 11958 | D:10     | Noticed a death yak
 12003 | D:10     | Killed a death yak
 12064 | D:10     | Slain by a death yak

Skill      XL: |  1  2  3  4  5  6  7  8  9 10 11 |
---------------+----------------------------------+-----
Fighting       | 4 5 6 7 8 |  8.3
Maces & Flails | 4 5 8 9 10 | 10.5
Armour         | 3 4 6 7 8 |  8.6
Dodging        | 2 3 4 |  4.5
Axes           | 2 5 6 |  6.7
Stealth        | 1 2 |  2.4

Action                   |  1- 3 |  4- 6 |  7- 9 | 10-12 || total
-------------------------+-------+-------+-------+-------++-------
Melee: Mace              |   112 |   259 |    10 |       ||   381
       War axe           |       |       |   408 |       ||   408
       Flail             |       |       |   128 |   233 ||   361
Invok: Trog's Hand       |       |     1 |     7 |     5 ||    13
       Berserk           |       |     1 |     2 |     1 ||     4
  Use: Scroll            |     2 |     3 |     8 |     3 ||    16
  Eat: Bread ration      |     1 |     1 |     4 |     2 ||     8
       Meat ration       |       |     1 |       |       ||     1
       Fruit             |       |       |     3 |     3 ||     6
       Royal jelly       |       |       |       |     1 ||     1
Armor: Scale mail        |    77 |   214 |   230 |   128 ||   649
Dodge: Dodged            |    97 |   232 |   267 |   117 ||   713
